 Dungeon Crawl Stone Soup version 0.17-a0-1497-g03599f7 (webtiles) character file.

132 urechis the Skirmisher (level 5, -3/35 HPs)
             Began as a Gargoyle Fighter on July 6, 2015.
             Slain by an ogre
             ... wielding a +0 giant club
              (8 damage)
             ... on level 3 of the Dungeon.
             The game lasted 00:04:25 (1815 turns).

urechis the Skirmisher (Gargoyle Fighter)           Turns: 1815, Time: 00:04:25

Health: -3/35      AC: 12    Str: 20    XL:     5   Next: 15%
Magic:  5/5        EV:  7    Int:  8    God:
Gold:   128        SH:  9    Dex: 10    Spells: 0 memorised, 4 levels left

rFire  . . .     SeeInvis .     a - +0 flail
rCold  . . .     Clarity  .     b - +0 scale mail
rNeg   + . .     SustAt   .     c - +0 shield
rPois  ∞         Gourm    .     q - +0 helmet
rElec  +         Spirit   .     (no cloak)
rCorr  .         Warding  .     (no gloves)
rMut   .         Stasis   .     (no boots)
MR     .....                    (no amulet)
Stlth  ..........               (no ring)
                                (no ring)

@: not resistant to hostile enchantments, extremely unstealthy
A: negative energy resistance 1, electricity resistance, unbreathing,
petrification resistance, rot immunity, AC +4
a: no special abilities


You were on level 3 of the Dungeon.
You were not hungry.

You visited 1 branch of the dungeon, and saw 3 of its levels.

You collected 128 gold pieces.

Inventory:

Hand weapons
 a - a +0 flail (weapon)
Armour
 b - a +0 scale mail (worn)
 c - a +0 shield (worn)
 q - a +0 helmet (worn)
Scrolls
 f - a scroll of amnesia {unknown}
 h - 5 scrolls of identify {unknown}
 i - a scroll of blinking {unknown}
 j - 4 scrolls of remove curse {unknown}
 k - a scroll of enchant weapon {unknown}
 m - a scroll of teleportation {unknown}
 t - a scroll of recharging {unknown}
Potions
 d - a potion of might
 l - a potion of degeneration {unknown}
 r - a potion of flight {unknown}
Comestibles
 e - 2 bread rations
 g - a royal jelly
 n - 3 beef jerkies
 o - a slice of pizza
 p - 3 fruits
 s - 2 chunks of flesh


   Skills:
 + Level 5.1 Fighting
 * Level 3.7 Maces & Flails
 - Level 3.2 Armour
 - Level 3.2 Shields


You had 4 spell levels left.
You didn't know any spells.

Dungeon Overview and Level Annotations

Branches:
Dungeon (3/15)

Altars:
Vehumet


Innate Abilities, Weirdness & Mutations

You are resistant to torment.
Your stone body is resilient (AC +4).
You are immune to poison.
You resist negative energy.
You are resistant to electric shocks.
You can survive without breathing.
You are immune to petrification.
You are immune to rotting.


Message History

You see here a rat corpse.
An ogre comes into view. It is wielding a giant club.
The ogre shouts!
You hit the ogre.
The ogre is lightly wounded.
The ogre hits you with a giant club!
You hit the ogre.
The ogre is moderately wounded.
The ogre hits you with a giant club!!
Ouch! That really hurt!
* * * LOW HITPOINT WARNING * * *
You see here a rat corpse.
There is a stone staircase leading up here.
You hit the ogre.
The ogre is moderately wounded.
You block the ogre's attack.
You hit the ogre.
The ogre is heavily wounded.
The ogre hits you with a giant club!
You die...

.. ##### ..#
##....# ##..
###....#
....###@(....#
#......O.######
..###..........
#.....#####
...##.#....##
#..........#
###........#
.....#?.....#
..####......#


You could see an ogre.

Vanquished Creatures
  Robin (D:2)
  5 gnolls (D:2)
  An ooze (D:1)
  2 ball pythons
  A bat (D:1)
  A giant cockroach (D:1)
  19 goblins
  7 hobgoblins
  A giant gecko (D:1)
  A giant newt (D:1)
  9 jackals (D:2)
  9 kobolds
  7 rats
64 creatures vanquished.

Notes
Turn   | Place    | Note
--------------------------------------------------------------
     0 | D:1      | urechis the Gargoyle Fighter began the quest for the Orb.
     0 | D:1      | Reached XP level 1. HP: 14/14 MP: 1/1
   159 | D:1      | Reached XP level 2. HP: 16/19 MP: 2/2
   470 | D:1      | Reached skill level 4 in Fighting
   650 | D:2      | Reached XP level 3. HP: 22/24 MP: 3/3
   711 | D:2      | Found a radiant altar of Vehumet.
  1054 | D:2      | Reached XP level 4. HP: 21/30 MP: 4/4
  1428 | D:2      | Noticed Robin
  1464 | D:2      | Reached skill level 5 in Fighting
  1469 | D:2      | Killed Robin
  1469 | D:2      | Reached XP level 5. HP: 20/35 MP: 5/5
  1802 | D:3      | Noticed an ogre
  1815 | D:3      | Slain by an ogre

Vault maps used:
D:1:      lemuel_arrival_rhombus
D:2:      kennysheep_goblin_castle, old_standard_altar,
          minmay_misc_feat_columns, amalloy_card_club
D:3:      gammafunk_temple_overflow_statue, minivault_5

Action                   |  1- 3 |  4- 6 || total
-------------------------+-------+-------++-------
Melee: Flail             |   103 |   121 ||   224
  Eat: Chunk             |     1 |     2 ||     3
